[Event "*** SCC Grand Prix: Titled Tuesday Blitz"]
[Site "Chess.com"]
[Date "2020.06.02"]
[Round "7"]
[White "WiktoriaPOL"]
[Black "queen_iryna"]
[Result "1-0"]
[WhiteElo "2040"]
[BlackElo "2254"]
[TimeControl "180+1"]
[EndTime "11:18:52 PDT"]
[Termination "WiktoriaPOL won by resignation"]

1. d4 d5 2. c4 c6 3. Nf3 Nf6 4. Nc3 e6 5. e3 Nbd7 6. Qc2 Bd6 7. Bd3 O-O 8. O-O dxc4 9. Bxc4 b5 10. Bd3 Bb7 11. Ng5 h6 12. Nge4 Bc7 13. Nxf6+ Nxf6 14. Ne4 a6 15. a4 Rc8 16. b4 Nxe4 17. Bxe4 Qd6 18. g3 f5 19. Bg2 Rfe8 20. Qc5 Qxc5 21. dxc5 e5 22. axb5 axb5 23. Ra7 Rb8 24. Bb2 e4 25.
Bh3 Be5 26. Bxe5 Rxe5 27. Rd1 Re7 28. Bxf5 Rf8 29. Bh3 Ref7 30. Be6 1-0

[Event "*** SCC Grand Prix: Titled Tuesday Blitz"]
[Site "Chess.com"]
[Date "2020.06.02"]
[Round "7"]
[White "MashaFromRussia"]
[Black "DonBroca"]
[Result "1-0"]
[WhiteElo "2387"]
[BlackElo "2183"]
[TimeControl "180+1"]
[EndTime "11:18:53 PDT"]
[Termination "MashaFromRussia won by resignation"]

1. d4 Nf6 2. c4 d6 3. Nf3 g6 4. g3 Bg7 5. Bg2 O-O 6. O-O Nbd7 7.
Nc3 e5 8. dxe5 Nxe5 9. Nxe5 dxe5 10. Qxd8 Rxd8 11. Bg5 c6 12. Ne4 Nxe4 13. Bxd8 Nc5 14.
Be7 Ne6 15. Rad1 Nd4 16. e3 Ne6 17. Rd2 f6 18. Rfd1 Kf7 19. Ba3 c5 20. Bxb7 Rb8 21.
Bxc8 Rxc8 22. Rd7+ Kg8 23. Rxa7 Ng5 24. Kg2 Ne4 25. f3 Ng5 26. h4 Ne6 27. Rd6 Nd8 28.
Bxc5 Nf7 29. Rdd7 Rxc5 30. Rxf7 Bf8 31. Rxf6 Rc8 32. Rff7 h5 33. Rac7 Rb8 34. b3 Ra8 35. a4 Rb8 36. Rb7 Rd8 37. Rfd7 Ra8 38. e4 Ra5 39. Rb8 Ra6 40. Rdd8 Rf6 41. a5 Kf7 42. Rxf8+ Ke6 43. Rxf6+ Kxf6 44. a6 1-0

[Event "*** SCC Grand Prix: Titled Tuesday Blitz"]
[Site "Chess.com"]
[Date "2020.06.02"]
[Round "7"]
[White "VitaliyBernadskiy"]
[Black "LiamPutnam2008"]
[Result "1-0"]
[WhiteElo "2681"]
[BlackElo "2527"]
[TimeControl "180+1"]
[EndTime "11:18:54 PDT"]
[Termination "VitaliyBernadskiy won by resignation"]

1. d4 Nf6 2. c4 e6 3. Nc3 Bb4 4. Nf3 O-O 5. Bg5 c5 6. Rc1 h6 7.
Bh4 d5 8. cxd5 Qxd5 9. Bxf6 gxf6 10. e3 Qxa2 11. Rc2 Bd7 12. Nd2 Bxc3 13. bxc3 Qd5 14. Rb2 cxd4 15. cxd4 Nc6 16. Rb5 Qd6 17. Rh5 Kh7 18.
Bd3+ f5 19. g4 Nxd4 20. g5 Bc6 21. Rg1 Nf3+ 22. Nxf3 Bxf3 23. Bxf5+ Kg7 24. Qxd6 Rfd8 25. Qe5+ Kf8 26. Bc2 Rac8 27. Rxh6 Rxc2 28. Rh8+ Ke7 29. Qf6+ Kd6 30. Rxd8+ Kc5 31. Rc8+ Bc6 32. Qd4+ Kb5 33. Qd3+ Rc4 34. Qc2 Rc3 35. Qxc3 1-0

[Event "*** SCC Grand Prix: Titled Tuesday Blitz"]
[Site "Chess.com"]
[Date "2020.06.02"]
[Round "7"]
[White "chessablanca"]
[Black "Charlottemillard17"]
[Result "1-0"]
[WhiteElo "2441"]
[BlackElo "1510"]
[TimeControl "180+1"]
[EndTime "11:18:56 PDT"]
[Termination "chessablanca won by checkmate"]

1. Nf3 Nf6 2. g3 g6 3. b3 Bg7 4. Bb2 d6 5. Bg2 e5 6. d3 Nc6 7. O-O Be6 8. e4 O-O 9. Nbd2 Qd7 10. Re1 Bh3 11. Bh1 Bg4 12. Nc4 Rfe8 13. Ne3 Bh3 14. Ng5 Ng4 15. Nd5 Nf6 16. Nxh3 Qxh3 17. Nxc7 Ng4 18.
Bg2 Qxh2+ 19. Kf1 Rac8 20. Nxe8 Rxe8 21. Qxg4 h5 22. Qh4 Qxh4 23. gxh4 Nd4 24. Bxd4 exd4 25. Ke2 d5 26. Kd1 dxe4 27. Bxe4 Rxe4 28. Rxe4 b6 29.
Re8+ Kh7 30. Re7 Kg8 31. Rxa7 Bf6 32. a4 Kg7 33. Rb7 Bxh4 34. Rxb6 Bxf2 35. Ke2 Be3 36. a5 h4 37. a6 g5 38. a7 g4 39. a8=Q g3 40.
Qe4 Bg5 41. Qg4 f6 42. Rb7+ Kg6 43. Qe4+ Kh5 44. Rh7+ Bh6 45. Ra5+ f5 46. Qf4 g2 47. Rxh6# 1-0

[Event "*** SCC Grand Prix: Titled Tuesday Blitz"]
[Site "Chess.com"]
[Date "2020.06.02"]
[Round "7"]
[White "1f3_2g41-0"]
[Black "HrvojeZagreb"]
[Result "1-0"]
[WhiteElo "2241"]
[BlackElo "2099"]
[TimeControl "180+1"]
[EndTime "11:18:57 PDT"]
[Termination "1f3_2g41-0 won by resignation"]

1. e4 d6 2. d4 Nd7 3. Nf3 e5 4. Bc4 Be7 5. O-O Ngf6 6. Nc3 c6 7. Re1 Qc7 8. a4 a5 9. Bg5 h6 10. Bh4 Nf8 11. Bg3 Ng6 12. Nh4 Nxh4 13. Bxh4 g5 14.
Bg3 Bg4 15. Qd2 Nh5 16. h3 Be6 17. Bxe6 fxe6 18. dxe5 dxe5 19. Qe2 Nf4 20. Bxf4 gxf4 21. Qh5+ Kf8 22. Qg6 Qc8 23. Rad1 Bb4 24. Qf6+ Kg8 25. Qxe5 f3 26. Qg3+ Kh7 27. Qxf3 Rg8 28. g3 Qe8 29. e5 Bxc3 30. Qxc3 Qh5 31. Rd7+ Kh8 32. Qd3 Rg6 33. Rd8+ Rxd8 34. Qxd8+ Kh7 35. Qe7+ Kh8 36.
Qd8+ Rg8 37. Qf6+ Kh7 38. Qxe6 1-0

[Event "*** SCC Grand Prix: Titled Tuesday Blitz"]
[Site "Chess.com"]
[Date "2020.06.02"]
[Round "7"]
[White "beto-betun"]
[Black "Training_Day"]
[Result "1-0"]
[WhiteElo "2173"]
[BlackElo "2313"]
[TimeControl "180+1"]
[EndTime "11:18:59 PDT"]
[Termination "beto-betun won on time"]

1. d4 d5 2. Nf3 e6 3. g3 c5 4. Bg2 Nc6 5. O-O cxd4 6. Nxd4 Bc5 7. Nb3 Bb6 8. c4 dxc4 9. Qxd8+ Kxd8 10. N3d2 Nf6 11.
Nxc4 Bc7 12. Nc3 Bd7 13. h3 Ke7 14. Be3 Rhd8 15. Rfd1 Rac8 16. a3 a6 17. Rac1 b5 18. Nb6 Bxb6 19. Bxb6 Rg8 20. Rd2 Ne8 21. Rcd1 Nb8 22.
Ba7 Bc6 23. Bxc6 Nxc6 24. Rd7+ Kf6 25. Ne4+ Kg6 26. Be3 f5 27. Nd6 Nxd6 28. R7xd6 Rge8 29. g4 fxg4 30. hxg4 Kf7 31. Bg5 1-0

[Event "*** SCC Grand Prix: Titled Tuesday Blitz"]
[Site "Chess.com"]
[Date "2020.06.02"]
[Round "7"]
[White "MiroVlasenko"]
[Black "14Sokol88"]
[Result "1-0"]
[WhiteElo "2624"]
[BlackElo "2415"]
[TimeControl "180+1"]
[EndTime "11:19:04 PDT"]
[Termination "MiroVlasenko won by resignation"]

1. e4 c5 2. Nc3 Nc6 3. f4 e6 4. Nf3 d5 5. Bb5 Ne7 6. O-O a6 7. Bxc6+ Nxc6 8. d3 Be7 9. Qe1 O-O 10. Bd2 dxe4 11.
dxe4 Nd4 12. Rc1 b5 13. Be3 Nxf3+ 14. Rxf3 Bb7 15. Bf2 f5 16. Rd3 Qb6 17. Rd7 Bf6 18.
Rcd1 b4 19. Na4 Qc6 20. Nxc5 Bc8 21. R7d6 Qc7 22. e5 Re8 23. exf6 1-0

[Event "*** SCC Grand Prix: Titled Tuesday Blitz"]
[Site "Chess.com"]
[Date "2020.06.02"]
[Round "7"]
[White "TERMINATOR_PC"]
[Black "Goryachkina"]
[Result "0-1"]
[WhiteElo "2482"]
[BlackElo "2660"]
[TimeControl "180+1"]
[EndTime "11:19:05 PDT"]
[Termination "Goryachkina won by resignation"]

1. e4 e6 2. d4 d5 3. Nc3 Bb4 4. exd5 exd5 5. Bd3 Nf6 6. Ne2 O-O 7. Bg5 h6 8. Bh4 Be7 9. Qd2 Nc6 10. O-O-O Nb4 11.
f3 Nxd3+ 12. Qxd3 c6 13. g4 b5 14. Rde1 b4 15. Na4 a5 16. g5 Nh7 17. f4 hxg5 18. fxg5 Bxg5+ 19. Bxg5 Qxg5+ 20. Kb1 Bf5 21. Qd1 Rae8 22.
Ng3 Bg6 23. Nc5 Nf6 24. Rhg1 Rxe1 25. Rxe1 Re8 26. Rg1 Qe3 27. h4 Qf2 28. Nd3 Bxd3 29. cxd3 Re3 30. Nh1 Qf5 31. Rf1 Qxd3+ 32. Qxd3 Rxd3 0-1

[Event "*** SCC Grand Prix: Titled Tuesday Blitz"]
[Site "Chess.com"]
[Date "2020.06.02"]
[Round "7"]
[White "Ave_Mariia"]
[Black "suyu28"]
[Result "0-1"]
[WhiteElo "2313"]
[BlackElo "2579"]
[TimeControl "180+1"]
[EndTime "11:19:05 PDT"]
[Termination "suyu28 won by resignation"]

1. c4 e5 2. Nc3 Nf6 3. g3 Bb4 4. Bg2 O-O 5. Nf3 Bxc3 6. bxc3 Re8 7. O-O Nc6 8. d4 d6 9. h3 h6 10. Qc2 e4 11. Nd2 Bf5 12. e3 Qd7 13. Kh2 h5 14.
Ba3 Na5 15. c5 d5 16. c4 Nxc4 17. Nxc4 dxc4 18. Qxc4 c6 19. f3 exf3 20. Rxf3 Be4 21. Rxf6 gxf6 22. Qe2 Bxg2 23. Kxg2 Qd5+ 24. Kh2 Re4 25. Rf1 Rae8 26. Bc1 Kg7 27. Qf3 R8e6 28. Rf2 b6 29. cxb6 axb6 30. Qd1 c5 31. Qa4 cxd4 32.
exd4 Re2 33. Kg1 Re1+ 34. Rf1 Qf3 35. Qc4 Qxg3+ 0-1

[Event "*** SCC Grand Prix: Titled Tuesday Blitz"]
[Site "Chess.com"]
[Date "2020.06.02"]
[Round "7"]
[White "CzechmVIII"]
[Black "diablanni"]
[Result "0-1"]
[WhiteElo "2173"]
[BlackElo "2341"]
[TimeControl "180+1"]
[EndTime "11:19:06 PDT"]
[Termination "diablanni won by checkmate"]

1. e4 c5 2. Nf3 Nc6 3. Nc3 g6 4. d4 cxd4 5. Nxd4 Bg7 6. Be3 Nf6 7. Bc4 O-O 8. Bb3 d6 9. f3 Bd7 10. h4 Ne5 11. Qd2 Rc8 12. O-O-O h5 13. Bh6 Nc4 14.
Bxc4 Rxc4 15. Bxg7 Kxg7 16. g4 hxg4 17. h5 Rh8 18. hxg6 fxg6 19. f4 e5 20. Nde2 Rxh1 21. Rxh1 Nxe4 22. Nxe4 Rxe4 23. fxe5 Rxe2 24. Qh6+ Kf7 25.
Qh7+ Ke6 26. Qxg6+ Kxe5 27. Rh5+ Kf4 28. Qh6+ Kf3 29.
Qxd6 Qe7 30. Qd5+ Qe4 31. Qf7+ Kg2 32. Qxd7 Qxc2# 0-1

[Event "*** SCC Grand Prix: Titled Tuesday Blitz"]
[Site "Chess.com"]
[Date "2020.06.02"]
[Round "7"]
[White "Jungle_Jaguar"]
[Black "bratkoo"]
[Result "1-0"]
[WhiteElo "2603"]
[BlackElo "2403"]
[TimeControl "180+1"]
[EndTime "11:19:07 PDT"]
[Termination "Jungle_Jaguar won by resignation"]

1. e4 e6 2. d4 d5 3. Nc3 Nf6 4. Bg5 Be7 5. e5 Nfd7 6. Bxe7 Qxe7 7. f4 O-O 8. Nf3 c5 9. Qd2 Nc6 10. O-O-O f6 11. exf6 Qxf6 12. g3 a6 13. Bh3 b5 14.
Rhe1 Nb6 15. dxc5 Nc4 16. Qg2 b4 17. Na4 Bd7 18. Rxd5 exd5 19. Bxd7 Rad8 20. Be6+ Kh8 21. f5 Nd4 22. Nxd4 Qxd4 23. c6 Ne3 24. Qd2 Nxf5 25. c7 Rde8 26. Bxf5 Rxe1+ 27. Qxe1 g6 28. c8=Q Rxc8 29.
Bxc8 Kg7 30. a3 bxa3 31. Qc3 Qxc3 32. Nxc3 d4 33. Na2 axb2+ 34. Kxb2 Kf6 35. Bxa6 Ke5 36. Nb4 Ke4 1-0

[Event "*** SCC Grand Prix: Titled Tuesday Blitz"]
[Site "Chess.com"]
[Date "2020.06.02"]
[Round "7"]
[White "Bigfish1995"]
[Black "bascheyaro"]
[Result "1-0"]
[WhiteElo "2993"]
[BlackElo "2739"]
[TimeControl "180+1"]
[EndTime "11:19:09 PDT"]
[Termination "Bigfish1995 won by resignation"]

1. e4 e6 2. d4 d5 3. Nc3 Bb4 4. Qd3 dxe4 5. Qxe4 Nf6 6. Qh4 Nc6 7. Nf3 Nd5 8.
Qxd8+ Nxd8 9. Bd2 Nxc3 10. a3 Bd6 11. Bxc3 O-O 12. Bd3 b6 13. Ng5 f6 14. Bxh7+ Kh8 15. Be4 Rb8 16. Nf3 g5 17. g4 Kg7 18. h4 gxh4 19. Rxh4 Bb7 20. Nd2 Bf4 21. Bxb7 Nxb7 22. Ke2 Nd6 23. Rah1 Rh8 24. Rxh8 Rxh8 25. Rxh8 Kxh8 26.
Kd3 Kg7 27. Bb4 Kf7 28. c4 Bxd2 29. Bxd6 Bc1 30. Bxc7 Bxb2 31. a4 e5 32. d5 Bd4 33.
f4 1-0

[Event "*** SCC Grand Prix: Titled Tuesday Blitz"]
[Site "Chess.com"]
[Date "2020.06.02"]
[Round "7"]
[White "BillieKimbah"]
[Black "Niclox"]
[Result "0-1"]
[WhiteElo "2881"]
[BlackElo "2696"]
[TimeControl "180+1"]
[EndTime "11:19:11 PDT"]
[Termination "Niclox won by resignation"]

1. d4 Nf6 2. Nf3 g6 3. e3 Bg7 4. Be2 O-O 5. O-O b6 6. c4 d5 7. Nc3 Bb7 8. cxd5 Nxd5 9. Bd2 Nd7 10. Qb3 Nxc3 11. Bxc3 e6 12. Rfd1 a5 13. Rac1 Qe7 14. Be1 Rac8 15. a3 Rfd8 16. Bb5 Bd5 17. Qa4 Bxf3 18. gxf3 Nf6 19. Bc6 Nd5 20. Qc4 Qg5+ 21. Kh1 Qh5 22. Qe2 e5 23. Bc3 Rd6 24. dxe5 Nxc3 25. Qa6 Bxe5 26. Qxc8+ Kg7 27. f4 Bxf4 28. exf4 Nxd1 29. Qe8 Nxf2+ 30. Kg2 Ng4 31. h3 Rd2+ 32. Kg3 Rd3+ 33. Bf3 Rxf3+ 34. Kxf3 Nf6+ 0-1

[Event "*** SCC Grand Prix: Titled Tuesday Blitz"]
[Site "Chess.com"]
[Date "2020.06.02"]
[Round "7"]
[White "2nd_life"]
[Black "Sharpchess22"]
[Result "0-1"]
[WhiteElo "2430"]
[BlackElo "2732"]
[TimeControl "180+1"]
[EndTime "11:19:11 PDT"]
[Termination "Sharpchess22 won by resignation"]

1. e4 c6 2. d4 d5 3. e5 Bf5 4.
h4 h5 5. Bd3 Bxd3 6. Qxd3 e6 7.
Nf3 c5 8. c4 Nc6 9. cxd5 Qxd5 10. Nc3 Qd7 11. Be3 a6 12. Rd1 cxd4 13. Bxd4 Nxd4 14.
Nxd4 Nh6 15. Qe4 Qc7 16. O-O Ng4 17. Rfe1 Bc5 18. f3 Nh6 19. Kh2 O-O 20. Nb3 Be7 21.
g3 Rad8 22. Kg2 b5 23. a3 g6 24. Rc1 Qb6 25. Qe3 Qxe3 26. Rxe3 Nf5 27. Re2 Rd3 28. Na5 Rc8 29. Na2 Rxc1 30. Nxc1 Rd1 31. Ncb3 g5 32.
hxg5 Bxg5 33. f4 Bd8 34. Nc6 Bb6 35. Nb4 Rg1+ 36. Kf3 Rxg3+ 37. Ke4 Rxb3 0-1

[Event "*** SCC Grand Prix: Titled Tuesday Blitz"]
[Site "Chess.com"]
[Date "2020.06.02"]
[Round "7"]
[White "ChronicUnhappiness"]
[Black "abfchess"]
[Result "1-0"]
[WhiteElo "2310"]
[BlackElo "2098"]
[TimeControl "180+1"]
[EndTime "11:19:11 PDT"]
[Termination "ChronicUnhappiness won by resignation"]

1. c4 e6 2. d4 d5 3. Nc3 Be7 4. Nf3 Nf6 5. Bg5 O-O 6. e3 h6 7. Bxf6 Bxf6 8. Bd3 b6 9. O-O dxc4 10. Bxc4 Bb7 11.
Qe2 c5 12. Rad1 Qe7 13. Ne5 Bxe5 14. dxe5 Nc6 15. f4 Rad8 16. Nb5 Ba6 17. Nd6 Bxc4 18. Qxc4 f6 19. Qe4 Nb4 20. exf6 Rxf6 21. Nc4 Rxd1 22. Rxd1 Nxa2 23. Ne5 Nb4 24. Rd7 Qe8 25. Qb7 1-0

[Event "*** SCC Grand Prix: Titled Tuesday Blitz"]
[Site "Chess.com"]
[Date "2020.06.02"]
[Round "7"]
[White "OK97"]
[Black "Philosopherrr"]
[Result "1-0"]
[WhiteElo "2772"]
[BlackElo "2528"]
[TimeControl "180+1"]
[EndTime "11:19:12 PDT"]
[Termination "OK97 won by resignation"]

1. Nf3 g6 2. e4 Bg7 3. d4 d6 4. Nc3 Nd7 5. Be3 e6 6. Qd2 a6 7. a4 h6 8. a5 Ne7 9. Be2 g5 10. h4 g4 11. Ng1 h5 12. Bg5 e5 13. dxe5 dxe5 14. Bc4 f6 15. Be3 c6 16. Nge2 Qc7 17.
Na4 Ng6 18. O-O-O c5 19. Nxc5 Nxc5 20. Bxc5 Bd7 21. Bb6 Qc6 22. Bf7+ Kxf7 23. Qxd7+ Qxd7 24. Rxd7+ Ne7 25. Nc3 Ke6 26. Rhd1 1-0

[Event "*** SCC Grand Prix: Titled Tuesday Blitz"]
[Site "Chess.com"]
[Date "2020.06.02"]
[Round "7"]
[White "Oligan22"]
[Black "icychess54"]
[Result "1-0"]
[WhiteElo "2430"]
[BlackElo "2246"]
[TimeControl "180+1"]
[EndTime "11:19:12 PDT"]
[Termination "Oligan22 won by checkmate"]

1. e4 c5 2. Nf3 d6 3. d4 cxd4 4.
Nxd4 Nf6 5. Nc3 Nc6 6. f4 e6 7. Nf3 Be7 8. Bd3 O-O 9. O-O a6 10. a3 Qc7 11. Qe1 b5 12. Qg3 Bb7 13. Bd2 b4 14. axb4 Nxb4 15. e5 Nfd5 16. Nxd5 Nxd5 17. Ng5 h6 18. Nxe6 fxe6 19. Qg6 Rfe8 20. Qh7+ Kf8 21.
f5 dxe5 22. fxe6+ Bf6 23. c4 Nf4 24. Bb4+ Be7 25. Qh8# 1-0

[Event "*** SCC Grand Prix: Titled Tuesday Blitz"]
[Site "Chess.com"]
[Date "2020.06.02"]
[Round "7"]
[White "fridaywins"]
[Black "cukus"]
[Result "0-1"]
[WhiteElo "2226"]
[BlackElo "2477"]
[TimeControl "180+1"]
[EndTime "11:19:12 PDT"]
[Termination "cukus won on time"]

1. e4 c6 2. Nc3 d5 3. Nf3 dxe4 4. Nxe4 Nf6 5. Ng3 g6 6. d4 Bg7 7. Be2 O-O 8. O-O c5 9. dxc5 Qc7 10. Be3 Ng4 11. Bd2 Qxc5 12. c3 Qc7 13. h3 Nf6 14. Qc1 Nc6 15. Bh6 Bd7 16. Bxg7 Kxg7 17. Re1 Rad8 18. Qe3 Bc8 19. Bb5 e6 20. Bxc6 bxc6 21. Ne4 Nxe4 22. Qxe4 f6 23. Rad1 e5 24. c4 Bf5 25. Qe3 Rd7 26. Rxd7+ Qxd7 27. c5 Rd8 28. Rc1 Qf7 29. a3 Rd3 30. Qe2 Qb3 31. Ne1 Rd5 32. Rc3 Qa2 33. Qa6 Qb1 34. Re3 Rd1 0-1

[Event "*** SCC Grand Prix: Titled Tuesday Blitz"]
[Site "Chess.com"]
[Date "2020.06.02"]
[Round "7"]
[White "bulletteemo"]
[Black "OnePeculiarConundrum"]
[Result "1-0"]
[WhiteElo "2533"]
[BlackElo "2237"]
[TimeControl "180+1"]
[EndTime "11:19:13 PDT"]
[Termination "bulletteemo won by resignation"]

1. e4 c5 2. Nf3 d6 3. c3 Nf6 4.
h3 a6 5. Bd3 e6 6. O-O b5 7. Bc2 Bb7 8. Re1 Nbd7 9. d4 Be7 10.
e5 Nd5 11. Nbd2 dxe5 12. dxe5 c4 13. Ne4 h6 14. Be3 Qc7 15. Bd4 Rd8 16. Nd6+ Bxd6 17. exd6 Qxd6 18. Bxg7 Rg8 19. Bxh6 N7f6 20. Qd4 Qc6 21.
Rad1 Ke7 22. Bg5 Rxg5 23. Nxg5 Rg8 24. Ne4 Rg6 25. f3 Rg8 26. Rd2 Qc7 27. Qc5+ Qxc5+ 28. Nxc5 Bc8 29. h4 Nf4 30. Ne4 N6d5 31. g3 f5 32. Ng5 Nh5 33. Rxd5 Nxg3 34. Rde5 Nh5 35. Bxf5 Kf6 36. Bxe6 1-0

[Event "*** SCC Grand Prix: Titled Tuesday Blitz"]
[Site "Chess.com"]
[Date "2020.06.02"]
[Round "7"]
[White "PattyCastillo"]
[Black "kidagent"]
[Result "0-1"]
[WhiteElo "1912"]
[BlackElo "2194"]
[TimeControl "180+1"]
[EndTime "11:19:13 PDT"]
[Termination "kidagent won by resignation"]

1. d4 d5 2. Nf3 Nf6 3. e3 Bf5 4. c4 c6 5. Nc3 e6 6. Qb3 Qc8 7. Bd2 Nbd7 8. Rc1 dxc4 9. Bxc4 Nb6 10. Be2 Be7 11. O-O O-O 12. Nh4 Bg4 13. Bxg4 Nxg4 14.
Nf3 Bd6 15. e4 e5 16. h3 exd4 17. Nxd4 Ne5 18. Nf5 Rd8 19. Be3 Bf8 20. Rfd1 Nbc4 21. Bg5 Re8 22. f4 Na5 23. Qc2 Ng6 24. g3 b6 25. Nd5 cxd5 26. Qxc8 Raxc8 27. Rxc8 Rxc8 28. Nd6 Bxd6 0-1

[Event "*** SCC Grand Prix: Titled Tuesday Blitz"]
[Site "Chess.com"]
[Date "2020.06.02"]
[Round "7"]
[White "zmeeed67"]
[Black "vlad_Sid"]
[Result "0-1"]
[WhiteElo "2453"]
[BlackElo "2644"]
[TimeControl "180+1"]
[EndTime "11:19:15 PDT"]
[Termination "vlad_Sid won by resignation"]

1. d4 Nf6 2. c4 c5 3. d5 b5 4. cxb5 a6 5. Nc3 g6 6. e4 d6 7. Nf3 Bg7 8. Bd2 O-O 9. a4 e6 10. dxe6 Bxe6 11. Be2 Re8 12. O-O axb5 13. axb5 Nbd7 14. Rxa8 Qxa8 15. Bf4 Nxe4 16. Nxe4 Qxe4 17. Bxd6 Bxb2 18. Ng5 Qb7 19. Nxe6 Rxe6 20. Bc4 Rf6 21. Be7 Rf4 22. Qd5 Qxd5 23. Bxd5 Rd4 24. Bc6 c4 25. Bd8 c3 26. b6 c2 27. Bg5 Nxb6 28. Be3 Rd1 29.
Be4 Rxf1+ 30. Kxf1 c1=Q+ 31. Bxc1 Bxc1 32. Ke2 Ba3 33. Bc6 Bc5 34. f4 Kg7 35. Kf3 f5 36. h3 Kf6 37. g4 Bd6 38. Bb5 Nd5 39. g5+ Ke7 40. Bc4 Nxf4 41. Bg8 Nxh3 42. Bxh7 Kf7 0-1

[Event "*** SCC Grand Prix: Titled Tuesday Blitz"]
[Site "Chess.com"]
[Date "2020.06.02"]
[Round "7"]
[White "xamax2000"]
[Black "woodhy"]
[Result "1-0"]
[WhiteElo "2649"]
[BlackElo "2464"]
[TimeControl "180+1"]
[EndTime "11:19:16 PDT"]
[Termination "xamax2000 won by resignation"]

1. e4 e6 2. d4 d5 3. Nc3 Bb4 4. e5 c5 5. a3 Bxc3+ 6. bxc3 Ne7 7. a4 Nbc6 8. Nf3 Qa5 9. Qd2 Bd7 10. Ba3 b6 11. Bd3 Rc8 12. h4 Nd8 13. Bb4 cxb4 14. cxb4 Qxa4 15. Rxa4 Bxa4 16. O-O b5 17. Qg5 Kf8 18.
Rc1 h6 19. Qd2 Ndc6 20. c3 Ke8 21. Ne1 Kd7 22. Bf1 a5 23. Nd3 axb4 24. Nc5+ Ke8 25. cxb4 Ra8 26. Qc3 Kf8 27. Ra1 g6 28. Bxb5 Bxb5 29.
Rxa8+ Kg7 30. Rxh8 Kxh8 31. Nd7 Kg7 32. Qc5 Nxd4 33.
Qxe7 Ne2+ 34. Kh2 Bxd7 35. Qxd7 1-0

[Event "*** SCC Grand Prix: Titled Tuesday Blitz"]
[Site "Chess.com"]
[Date "2020.06.02"]
[Round "7"]
[White "CalinGheorghiu"]
[Black "Balla_Tamas"]
[Result "0-1"]
[WhiteElo "2310"]
[BlackElo "2479"]
[TimeControl "180+1"]
[EndTime "11:19:16 PDT"]
[Termination "Balla_Tamas won by resignation"]

1. d4 f5 2. g3 Nf6 3. Bg2 e6 4. c4 d5 5. Nc3 c6 6. Nh3 Bd6 7. O-O O-O 8. c5 Be7 9. Bf4 h6 10. b4 Nbd7 11. f3 g5 12. Be5 Nxe5 13. dxe5 Nd7 14.
f4 a5 15. a3 b6 16. Nxd5 cxd5 17. Bxd5 Ra7 18. Bxe6+ Kh8 19. c6 Nb8 20. Bxc8 Qxc8 21. b5 Bc5+ 22. Kh1 Nxc6 23. e4 g4 24. Nf2 Nd4 25. Nd3 Qa8 26. Re1 Rd7 27. Nxc5 bxc5 28. e6 Rd6 29. h3 Rxe6 30. hxg4 Rxe4 31. Kh2 0-1

[Event "*** SCC Grand Prix: Titled Tuesday Blitz"]
[Site "Chess.com"]
[Date "2020.06.02"]
[Round "7"]
[White "MF1966Idrisov"]
[Black "LamaChampetre"]
[Result "1-0"]
[WhiteElo "2358"]
[BlackElo "2191"]
[TimeControl "180+1"]
[EndTime "11:19:16 PDT"]
[Termination "MF1966Idrisov won on time"]

1. Nf3 g6 2. d4 Nf6 3. g3 Bg7 4.
Bg2 d5 5. O-O c5 6. c3 O-O 7.
Bd2 Nbd7 8. Na3 b6 9. Be3 Bb7 10. b4 Ne4 11. Rc1 Nxc3 12. Rxc3 cxb4 13. Rb3 bxa3 14.
Rxa3 Nf6 15. Qa4 Ne4 16. Nd2 Nxd2 17. Bxd2 Qd6 18. Re3 Bc6 19. Qb4 Qxb4 20. Bxb4 Bxd4 21. Rxe7 Rfe8 22. Rd1 Bc5 23. Bxc5 bxc5 24. Rc7 Rac8 25. Rxc8 Rxc8 26. Bxd5 Bxd5 27. Rxd5 c4 28. Rd2 c3 29. Rc2 Kg7 30. Kg2 Kf6 31. Kf3 Ke5 32. Ke3 f5 33. Kd3 Rd8+ 34. Kxc3 Ke4 35. Kb3 Rb8+ 36. Ka3 Rb7 37. Rc4+ Kd5 38. Rb4 Rc7 39. Kb3 1-0

[Event "*** SCC Grand Prix: Titled Tuesday Blitz"]
[Site "Chess.com"]
[Date "2020.06.02"]
[Round "7"]
[White "EugeneRougon"]
[Black "themind1hunter"]
[Result "0-1"]
[WhiteElo "2649"]
[BlackElo "2525"]
[TimeControl "180+1"]
[EndTime "11:19:17 PDT"]
[Termination "themind1hunter won by checkmate"]

1. e4 c5 2. Nf3 d6 3. d4 cxd4 4. Nxd4 Nf6 5. Nc3 a6 6. Be3 e5 7. Nf3 Qc7 8. a4 Be6 9. a5 Nbd7 10. Be2 h6 11. O-O Qc6 12. Nd2 Be7 13. Ra4 d5 14. exd5 Nxd5 15. Nxd5 Bxd5 16. Rg4 O-O 17. Bxh6 Qxh6 18.
Bd3 f5 19. Rg3 e4 20. Be2 Ne5 21. Rh3 Qc6 22. c4 Bf7 23. b3 Rad8 24. Qc2 Bg5 25. Nb1 f4 26. Nc3 Bg6 27. Bh5 Bf5 28. Qe2 Bxh3 29.
Nxe4 Bxg2 30. Kxg2 f3+ 31. Bxf3 Nxf3 32. Kg3 Bh4+ 33.
Kg2 Rde8 34. Qxf3 Rxf3 35. Kxf3 Qxe4# 0-1

[Event "*** SCC Grand Prix: Titled Tuesday Blitz"]
[Site "Chess.com"]
[Date "2020.06.02"]
[Round "7"]
[White "RianKapriaga"]
[Black "FlightsOfFancy"]
[Result "1-0"]
[WhiteElo "2183"]
[BlackElo "1817"]
[TimeControl "180+1"]
[EndTime "11:19:17 PDT"]
[Termination "RianKapriaga won on time"]

1. d4 Nf6 2. Nf3 e6 3. Bf4 c5 4. e3 Nc6 5. c3 Qb6 6. Qb3 Qa5 7. Nbd2 d5 8. Bb5 Bd7 9. O-O c4 10. Qa4 Qxa4 11. Bxa4 a6 12. Rfe1 b5 13. Bc2 Nh5 14. Bc7 Rc8 15. Be5 f6 16. Bg3 Nxg3 17. hxg3 Bd6 18. e4 Kf7 19. e5 Bb8 20. exf6 gxf6 21. b3 b4 22. bxc4 bxc3 23. Nb1 dxc4 24. Nxc3 Ba7 25.
d5 Nb4 26. dxe6+ Bxe6 27. Bb1 Nd3 28. Bxd3 cxd3 29. Ne4 Rc2 30. Neg5+ fxg5 31. Nxg5+ Kf6 32. Rxe6+ Kxg5 33. Rxa6 Bxf2+ 34. Kh2 1-0

[Event "*** SCC Grand Prix: Titled Tuesday Blitz"]
[Site "Chess.com"]
[Date "2020.06.02"]
[Round "7"]
[White "GMSrinath"]
[Black "RobertoJBM"]
[Result "1-0"]
[WhiteElo "2797"]
[BlackElo "2633"]
[TimeControl "180+1"]
[EndTime "11:19:18 PDT"]
[Termination "GMSrinath won by resignation"]

1. e4 c6 2. d4 d5 3. exd5 cxd5 4. Bd3 Nc6 5. c3 Nf6 6. Bf4 g6 7. Nd2 Nh5 8. Be3 Qc7 9. g3 Bg7 10. f4 Nf6 11. Ngf3 Bf5 12. Qc2 Bxd3 13. Qxd3 O-O 14. f5 Qb6 15. b3 Rac8 16. O-O Nb8 17. Ne5 Nbd7 18. c4 dxc4 19. Ndxc4 Qa6 20. Bg5 Rcd8 21. Qf3 Nxe5 22. dxe5 Nd5 23. f6 exf6 24. exf6 Bh8 25. Rad1 b5 26. Ne5 Qe6 27. Rde1 Qb6+ 28. Kh1 Rfe8 29.
Ng4 h5 30. Rxe8+ Rxe8 31. Nh6+ 1-0

[Event "*** SCC Grand Prix: Titled Tuesday Blitz"]
[Site "Chess.com"]
[Date "2020.06.02"]
[Round "7"]
[White "Omk124"]
[Black "gemarin"]
[Result "1-0"]
[WhiteElo "2442"]
[BlackElo "2032"]
[TimeControl "180+1"]
[EndTime "11:19:18 PDT"]
[Termination "Omk124 won on time"]

1. e4 c5 2. Nf3 Nc6 3. d4 cxd4 4.
Nxd4 Nf6 5. Nc3 d6 6. g3 Bd7 7. Bg2 g6 8. O-O Bg7 9. Nxc6 Bxc6 10. h3 O-O 11. Be3 Qa5 12. Qd2 Rfe8 13. Rad1 Rac8 14. Rfe1 a6 15. a3 b5 16. g4 Qc7 17. f4 Qb7 18.
Bd4 a5 19. e5 dxe5 20. fxe5 Nd5 21. Ne4 Red8 22. Qf2 h6 23. e6 f6 24. Nc5 Qa8 25.
Be4 g5 26. Qf5 Nf4 27. Nd7 Bxe4 28. Rxe4 Rxc2 29. Bc3 Nxh3+ 30. Kf1 Nf4 31. Rde1 Rh2 32. Qxb5 1-0